 Dungeon Crawl Stone Soup version 0.31-a0-978-g1e143483b6 (webtiles) character file.

Game seed: 16278932254315381817

667 Arzdou the Magician (level 7, 0/36 HPs)
             Began as a Deep Elf Ice Elementalist on Oct 30, 2023.
             Was an Initiate of Vehumet.
             Slain by Edmund
             ... wielding a +7 dire flail of protection
              (18 damage)
             ... on level 5 of the Dungeon.
             The game lasted 00:08:23 (3720 turns).

Arzdou the Magician (Deep Elf Ice Elementalist)     Turns: 3720, Time: 00:08:25

Health: 0/36       AC: 14    Str:  5    XL:     7   Next: 31%
Magic:  14/20      EV: 13    Int: 22    God:    Vehumet [......]
Gold:   276        SH:  0    Dex: 15    Spells: 14/21 levels left

rFire   . . .        j - +4 dagger (venom)
rCold   . . .        (no shield)
rNeg    . . .        a - +0 robe
rPois   .            (no helmet)
rElec   .            (no cloak)
rCorr   .            (no gloves)
SInv    .            (no boots)
Will    +....        (no amulet)
Stlth   ++           d - +4 ring of protection
HPRegen 0.26/turn    t - ring of willpower
MPRegen 0.17/turn

%: no passive effects
@: ice-armoured, freezing walls
A: no striking features
a: Renounce Religion


You were on level 5 of the Dungeon.
You worshipped Vehumet.
Vehumet was noncommittal.
You visited 2 branches of the dungeon, and saw 6 of its levels.

You collected 276 gold pieces.

Inventory:

Hand Weapons
 e - a +0 short sword
 j - a +4 dagger of venom (weapon)
Armour
 a - a +0 robe (worn)
Jewellery
 d - a +4 ring of protection (left hand)
 n - the ring "Hosk" {Dex+6 Slay+2}
   (You found it on level 2 of the Dungeon)

   [ring of dexterity]

   Dex+6:     It affects your dexterity (+6).
   Slay+2:    It affects your accuracy & damage with ranged weapons and melee
   (+2).
 r - a ring of positive energy
 t - a ring of willpower (right hand)
 u - a ring of fire
Wands
 q - a wand of mindburst (5)
Scrolls
 f - a scroll of brand weapon
 h - 3 scrolls of teleportation
 p - a scroll of fear
 s - a scroll of amnesia
 v - a scroll of revelation
Potions
 b - a potion of magic
 c - 4 potions of curing
 g - 2 potions of mutation {unknown}
 k - a potion of attraction {unknown}
 l - a potion of heal wounds {unknown}
 m - a potion of berserk rage {unknown}
 o - a potion of might {unknown}
 w - a potion of brilliance {unknown}


   Skills:
 - Level 3.1 Dodging
 - Level 3.3 Stealth
 + Level 7.6 Spellcasting
 + Level 7.3 Ice Magic


You had 14 spell levels left.
You knew the following spells:

 Your Spells              Type           Power      Damage    Failure   Level
a - Freeze                Ice            100%       1d10      1%          1
b - Frozen Ramparts       Ice            80%        1d13      1%          3
c - Ozocubu's Armour      Ice            40%        N/A       1%          3

Your spell library contained the following spells:

 Spells                   Type           Power      Damage    Failure   Level
 Ensorcelled Hibernation  Hex/Ice        48%        N/A       2%          2
 Sandblast                Erth           16%        2d6       8%          1
 Shock                    Conj/Air       32%        1d5       8%          1
 Slow                     Hex            32%        N/A       8%          1
 Summon Ice Beast         Ice/Summ       24%        N/A       17%         4
 Confusing Touch          Hex            8%         N/A       22%         3
 Sigil of Binding         Hex            8%         N/A       22%         3
 Swiftness                Air            8%         N/A       22%         3
 Vampiric Draining        Necr           8%         2d6       22%         3
 Airstrike                Air            4%         2d(1-17)  58%         4


Dungeon Overview and Level Annotations

Branches:
Dungeon (5/15)             Temple (1/1) D:4

Altars:
Ashenzari
Fedhas
Gozag
Hepliaklqana
Kikubaaqudgha
Makhleb
Nemelex Xobeh
Okawaru
Qazlal
Ru
Sif Muna
Trog
Vehumet
Wu Jian
Xom
Zin
The Shining One

Annotations:
D:5 Edmund


Message History

Edmund is moderately wounded.
The wall freezes the black bear.
The black bear bites you but does no damage.
The black bear barely misses you.
The black bear claws you but does no damage.
The wall freezes Edmund.
Edmund misses you.
You hit Edmund but do no damage.
Edmund is moderately wounded.
The wall freezes the black bear.
The black bear goes berserk!
The wall freezes Edmund but does no damage.
Edmund closely misses you.
Unknown command.
You hit the black bear.
You punch the black bear, but do no damage.
The black bear is almost dead.
The wall freezes the black bear.
The black bear bites you!
The black bear closely misses you. x2; The wall freezes Edmund.
Edmund hits you with a +7 dire flail of protection!
Unknown command.
You hit the black bear.
You kill the black bear!
Vehumet accepts your kill.
The wall freezes Edmund but does no damage.
Edmund closely misses you.
You hit Edmund but do no damage.
Edmund looks as sick as possible!
Edmund is heavily wounded.
The wall freezes Edmund but does no damage.
Edmund closely misses you.
You closely miss Edmund.
Edmund is heavily wounded.
The wall freezes Edmund but does no damage.
Edmund misses you.
Unknown command.
You hit Edmund but do no damage.
Edmund looks as sick as possible!
Edmund is heavily wounded.
The wall freezes Edmund.
Edmund hits you with a +7 dire flail of protection!!
Ouch! That really hurt!
You die...
Edmund whines, "They better pay attention to me now!"

#.... .##
#...# .... ###
#|..#@.... ...
#........
#.####.##.....
#....#........
#............
#.#@.####....
#.##@####....
#...<......##
####........
#........
#........
#........
#........
######... ...


You could see Edmund (extremely poisoned).

Vanquished Creatures
  Sigmund (D:2)
  An ogre (D:4)
  A black bear (D:5)
  A vampire bat (D:3)
  A hound (D:4)
  An orc priest (D:3)
  An orc wizard (D:3)
  Natasha (thrice) (D:2)
  3 adders
  A worm (D:3)
  2 dart slugs
  9 orcs
  2 bat skeletons (D:3)
  2 bat zombies (D:3)
  7 endoplasms
  5 giant cockroaches
  6 goblins
  5 hobgoblins
  11 jackals
  8 kobolds
  A quokka (D:4)
  7 ball pythons
  3 bats
  3 frilled lizards
  4 rats
89 creatures vanquished.

Notes
Turn   | Place    | Note
-------+----------+-------------------------------------------
     0 | D:1      | Arzdou the Deep Elf Ice Elementalist began the quest for
                  | the Orb.
     0 | D:1      | Reached XP level 1. HP: 10/10 MP: 6/6
   235 | D:1      | Reached XP level 2. HP: 14/15 MP: 4/8
   779 | D:2      | Noticed Natasha
   782 | D:2      | Killed Natasha
   783 | D:2      | Reached XP level 3. HP: 14/19 MP: 7/10
   790 | D:2      | Learned a level 3 spell: Frozen Ramparts
   794 | D:2      | Learned a level 3 spell: Ozocubu's Armour
  1132 | D:2      | Reached XP level 4. HP: 22/24 MP: 12/12
  1134 | D:2      | Noticed Sigmund
  1167 | D:2      | Killed Sigmund
  1168 | D:2      | Reached skill level 5 in Spellcasting
  1168 | D:2      | Reached skill level 5 in Ice Magic
  1168 | D:2      | Reached XP level 5. HP: 11/28 MP: 0/15
  1343 | D:2      | Noticed Natasha
  1408 | D:2      | Identified the ring "Hosk" {Dex+6 Slay+2}
  1534 | D:2      | Killed Natasha
  1551 | D:2      | Noticed Natasha
  1560 | D:2      | Killed Natasha
  1561 | D:2      | Reached XP level 6. HP: 23/32 MP: 8/16
  1737 | D:3      | Found a faded altar of an unknown god.
  2206 | D:3      | Found an ancient bone altar of Kikubaaqudgha.
  2284 | D:4      | Identified the "Ebaf"
  2627 | D:3      | Reached XP level 7. HP: 34/36 MP: 14/19
  2747 | D:4      | Found a staircase to the Ecumenical Temple.
  2759 | Temple   | Entered the Ecumenical Temple
  2802 | Temple   | Became a worshipper of Vehumet
  3698 | D:5      | Entered Level 5 of the Dungeon
  3703 | D:5      | Noticed Edmund
  3720 | D:5      | Slain by Edmund

Illustrated notes

Levels and vault maps discovered:
D:1:      lemuel_arrival_river_bridge, layout_basic, chequers_garden,
          st_stairs_1
D:2:      layout_basic, minivault_23, kennysheep_generic_room_16, uniq_sigmund,
          uniq_natasha
D:3:      layout_rooms, kennysheep_vampire_church,
          hellmonk_ecumenical_altar_dog_temple,
          wander_ebering_terrifying_dragon_lair
D:4:      layout_cave_pods, minmay_temple_entry_mist
D:5:      layout_basic, nicolae_yredelemnul_corpse_copse, uniq_prince_ribbit1,
          uniq_eustachio, uniq_edmund
Temple:   nicolae_temple_elliptical

Skill      XL: |  1  2  3  4  5  6 |
---------------+-------------------+-----
Stealth        | 3 |  3.3
Dodging        | 3 |  3.1
Spellcasting   | 4 5 7 |  7.6
Ice Magic      | 5 6 7 |  7.3

Action                     |  1- 3 |  4- 6 |  7- 9 || total
---------------------------+-------+-------+-------++-------
  Melee: Unarmed           |     4 |       |       ||     4
         Short sword       |    20 |       |       ||    20
         Dagger            |       |    14 |    18 ||    32
         Punch             |       |       |     1 ||     1
   Cast: Freeze            |    39 |    37 |    17 ||    93
         Frozen Ramparts   |     3 |    11 |     5 ||    19
         Ozocubu's Armour  |       |     4 |     2 ||     6
    Use: Potion            |       |     2 |       ||     2
         Scroll            |       |       |     5 ||     5
   Stab: Sleeping          |     1 |     1 |       ||     2
 Armour: Robe              |    24 |    40 |    16 ||    80
  Dodge: Dodged            |    33 |    36 |    22 ||    91

Table legend: (Time is in decaauts)
 A = Elapsed time spent in this place.
 B = Non-inter-level travel time spent in this place.
 C = Inter-level travel time spent in this place.
 D = Time resting spent in this place.
 E = Time spent auto-exploring this place.
 F = Levels seen in this place.
 G = Mean time per level.
                   A        B        C        D        E       F      G
               +--------+--------+--------+--------+--------+-----+--------+
         Total |   3721 |   3635 |     86 |    258 |   2694 |   6 |  620.2 |
       Dungeon |   3655 |   3601 |     54 |    258 |   2694 |   5 |  731.0 |
        Temple |     66 |     34 |     32 |      0 |      0 |   1 |   66.0 |
               +--------+--------+--------+--------+--------+-----+--------+

Top non-repeatable levels by time:
     D:4: 1092 daAuts
     D:2: 926 daAuts
     D:3: 842 daAuts
     D:1: 772 daAuts
  Temple: 66 daAuts
     D:5: 21 daAuts
